[ AOE2 MATCH · #495949097 ]
UnrankedGoths vs Wei
Player's team · WIN
[ REPLAY ANALYSIS · EXTRACTED FROM THE RECORDED GAME ]
Feudal
14:20
Castle
27:01
Imperial
—
| APM avg | 49.9 |
| APM peak | 109 |
| eAPM avg | 26.2 |
| Villagers / military | 164 / 49 |
Focus
⚔️ 24.8% · 🌾 75.2%
Militia ×24 · Huskarl ×22 · Mangonel ×3
Feudal
15:41
Castle
26:46
Imperial
—
| APM avg | 59.3 |
| APM peak | 102 |
| eAPM avg | 25.5 |
| Villagers / military | 160 / 29 |
Focus
⚔️ 29.7% · 🌾 70.3%
Unknown (1952) ×30 · Archer ×22 · Militia ×5 · Mangonel ×2 · Unknown (1949) ×1
Match map
Initial resources + every placement click. Lines = walls · curves = elevation contours. ◆ gold · ⬟ stone · ● berries · ✦ relic · ◌ wall gap
Your base· Open — unwalled flank
Andi's base· Open — 4t gap
Smoothed initial terrain · ◌ = detected wall gap · hover for details
Inputs per minute
— 新竹 - - Andi
Build order — 新竹
First 150 of 363 actions detected
| 0:00 | Create | Villager (Male) |
| 0:01 | Create | Villager (Male) |
| 0:01 | Create | Villager (Male) |
| 0:02 | Build | House |
| 0:03 | Build | House |
| 0:13 | Create | Villager (Male) |
| 0:13 | Create | Villager (Male) |
| 0:13 | Create | Villager (Male) |
| 1:12 | Research | Loom |
| 1:28 | Create | Villager (Male) |
| 1:44 | Build | Lumber Camp |
| 2:01 | Create | Villager (Male) |
| 2:01 | Create | Villager (Male) |
| 2:17 | Build | House |
| 2:26 | Create | Villager (Male) |
| 2:26 | Create | Villager (Male) |
| 2:56 | Create | Villager (Male) |
| 2:56 | Create | Villager (Male) |
| 3:16 | Create | Villager (Male) |
| 3:16 | Create | Villager (Male) |
| 3:37 | Create | Villager (Male) |
| 3:38 | Create | Villager (Male) |
| 3:38 | Create | Villager (Male) |
| 4:06 | Create | Villager (Male) |
| 4:31 | Build | House |
| 4:44 | Create | Villager (Male) |
| 4:44 | Create | Villager (Male) |
| 4:57 | Create | Villager (Male) |
| 4:57 | Create | Villager (Male) |
| 5:06 | Build | Barracks |
| 5:23 | Create | Villager (Male) |
| 5:23 | Create | Villager (Male) |
| 5:44 | Create | Villager (Male) |
| 6:06 | Create | Militia ×2 |
| 6:06 | Create | Militia ×2 |
| 6:17 | Build | Mining Camp |
| 6:21 | Create | Villager (Male) |
| 6:21 | Create | Villager (Male) |
| 6:36 | Create | Villager (Male) |
| 6:36 | Create | Villager (Male) |
| 6:36 | Create | Villager (Male) |
| 6:44 | Build | Palisade Wall |
| 6:52 | Build | Palisade Wall |
| 7:09 | Build | Palisade Wall |
| 7:22 | Create | Villager (Male) |
| 7:22 | Create | Villager (Male) |
| 7:22 | Create | Villager (Male) |
| 7:23 | Create | Villager (Male) |
| 7:32 | Build | Palisade Wall |
| 7:34 | Build | Palisade Wall |
| 7:41 | Create | Militia |
| 7:42 | Create | Militia |
| 7:47 | Create | Villager (Male) |
| 7:47 | Create | Villager (Male) |
| 7:47 | Create | Villager (Male) |
| 7:51 | Build | Mill |
| 8:29 | Create | Militia |
| 8:31 | Create | Villager (Male) |
| 8:31 | Create | Villager (Male) |
| 8:31 | Create | Villager (Male) |
| 8:34 | Build | House |
| 8:58 | Create | Militia |
| 9:29 | Create | Villager (Male) |
| 9:29 | Create | Villager (Male) |
| 9:41 | Create | Militia ×2 |
| 9:41 | Create | Militia ×2 |
| 9:41 | Create | Militia |
| 9:56 | Create | Villager (Male) |
| 9:56 | Create | Villager (Male) |
| 9:56 | Create | Villager (Male) |
| 10:10 | Build | Farm |
| 10:10 | Build | Farm |
| 10:12 | Build | House |
| 10:33 | Build | Farm |
| 10:34 | Build | Farm |
| 10:42 | Create | Militia |
| 10:42 | Create | Militia |
| 10:43 | Create | Militia |
| 10:59 | Create | Villager (Male) |
| 11:52 | Build | Farm |
| 11:54 | Build | Farm |
| 11:59 | Build | Farm |
| 12:01 | Build | House |
| 12:10 | Research | Feudal Age |
| 12:10 | Research | Feudal Age |
| 12:11 | Research | Feudal Age |
| 12:33 | Build | Mining Camp |
| 12:47 | Create | Militia |
| 12:47 | Create | Militia |
| 12:55 | Build | House |
| 12:56 | Build | House |
| 12:58 | Build | House |
| 13:56 | Build | House |
| 14:20 | Age | Feudal Age |
| 14:23 | Research | Man-at-Arms (upgrade) |
| 14:23 | Research | Man-at-Arms (upgrade) |
| 14:26 | Build | Watch Tower |
| 14:28 | Research | Double-Bit Axe |
| 14:28 | Research | Double-Bit Axe |
| 14:29 | Create | Villager (Male) |
| 14:29 | Create | Villager (Male) |
| 14:54 | Create | Militia |
| 14:54 | Create | Militia |
| 15:03 | Create | Militia |
| 15:03 | Create | Militia |
| 15:37 | Create | Villager (Male) |
| 15:37 | Create | Villager (Male) |
| 15:37 | Create | Villager (Male) |
| 15:40 | Build | Blacksmith |
| 15:42 | Build | House |
| 15:59 | Build | Watch Tower |
| 16:14 | Research | Fletching |
| 16:15 | Research | Fletching |
| 16:15 | Research | Fletching |
| 16:41 | Research | Forging |
| 16:41 | Research | Forging |
| 16:51 | Create | Villager (Male) |
| 16:51 | Create | Villager (Male) |
| 16:51 | Create | Villager (Male) |
| 17:05 | Create | Villager (Male) |
| 17:06 | Create | Villager (Male) |
| 17:06 | Create | Villager (Male) |
| 17:07 | Build | Farm |
| 17:08 | Build | Farm |
| 17:50 | Research | Scale Mail Armor |
| 17:50 | Research | Scale Mail Armor |
| 18:02 | Create | Villager (Male) |
| 18:02 | Create | Villager (Male) |
| 18:02 | Create | Villager (Male) |
| 18:02 | Create | Villager (Male) |
| 18:04 | Build | Farm |
| 18:05 | Build | Farm |
| 18:06 | Build | Farm |
| 18:25 | Build | Watch Tower |
| 18:30 | Create | Militia |
| 18:30 | Create | Militia |
| 18:36 | Build | House |
| 18:40 | Build | Palisade Wall |
| 19:03 | Create | Villager (Male) |
| 19:03 | Create | Villager (Male) |
| 19:04 | Create | Villager (Male) |
| 19:04 | Create | Villager (Male) |
| 19:04 | Create | Villager (Male) |
| 19:05 | Build | Farm |
| 19:06 | Build | Farm |
| 20:00 | Create | Villager (Male) |
| 20:00 | Create | Villager (Male) |
| 20:00 | Create | Villager (Male) |
| 20:04 | Build | Farm |
| 20:05 | Build | Farm |
Build order — Andi
First 150 of 384 actions detected
| 0:00 | Create | Villager (Male) |
| 0:00 | Create | Villager (Male) |
| 0:00 | Create | Villager (Male) |
| 0:01 | Build | House |
| 0:03 | Build | House |
| 0:15 | Create | Villager (Male) |
| 0:16 | Create | Villager (Male) |
| 1:25 | Create | Villager (Male) |
| 1:25 | Create | Villager (Male) |
| 1:25 | Create | Villager (Male) |
| 1:25 | Create | Villager (Male) |
| 1:25 | Create | Villager (Male) |
| 1:45 | Build | Lumber Camp |
| 1:50 | Build | Lumber Camp |
| 2:03 | Create | Villager (Male) |
| 2:03 | Create | Villager (Male) |
| 2:28 | Create | Villager (Male) |
| 2:28 | Create | Villager (Male) |
| 2:46 | Create | Villager (Male) |
| 2:46 | Create | Villager (Male) |
| 2:46 | Create | Villager (Male) |
| 3:04 | Create | Villager (Male) |
| 3:04 | Create | Villager (Male) |
| 3:28 | Build | House |
| 3:36 | Build | Palisade Wall |
| 3:40 | Create | Villager (Male) |
| 3:40 | Create | Villager (Male) |
| 4:26 | Create | Villager (Male) |
| 4:30 | Create | Villager (Male) |
| 4:30 | Create | Villager (Male) |
| 4:30 | Create | Villager (Male) |
| 4:30 | Create | Villager (Male) |
| 4:47 | Build | House |
| 4:56 | Create | Villager (Male) |
| 5:18 | Create | Villager (Male) |
| 5:30 | Build | House |
| 5:45 | Create | Villager (Male) |
| 5:51 | Build | Barracks |
| 5:59 | Create | Villager (Male) |
| 6:13 | Build | Palisade Wall |
| 6:15 | Build | Palisade Wall |
| 6:30 | Build | Palisade Wall |
| 6:46 | Research | Loom |
| 6:54 | Build | Mining Camp |
| 6:55 | Create | Militia |
| 6:55 | Create | Militia |
| 7:15 | Create | Villager (Male) |
| 7:27 | Build | Palisade Wall |
| 7:32 | Create | Villager (Male) |
| 7:52 | Build | House |
| 8:07 | Create | Militia |
| 8:08 | Create | Villager (Male) |
| 8:18 | Create | Villager (Male) |
| 8:25 | Build | Mill |
| 8:29 | Create | Villager (Male) |
| 8:34 | Build | Mill |
| 8:48 | Create | Villager (Male) |
| 8:51 | Build | Palisade Wall |
| 8:56 | Build | Palisade Wall |
| 9:11 | Create | Villager (Male) |
| 9:20 | Create | Villager (Male) |
| 9:34 | Create | Villager (Male) |
| 9:50 | Create | Villager (Male) |
| 10:07 | Build | Palisade Gate |
| 10:09 | Build | Palisade Wall |
| 10:24 | Create | Militia |
| 10:24 | Create | Militia |
| 10:28 | Build | Farm |
| 10:28 | Build | Farm |
| 10:28 | Build | Farm |
| 10:28 | Build | Farm |
| 10:32 | Build | Palisade Wall |
| 10:33 | Build | Palisade Wall |
| 10:35 | Build | Palisade Wall |
| 10:37 | Create | Villager (Male) |
| 10:50 | Build | Palisade Wall |
| 10:51 | Build | Palisade Wall |
| 10:59 | Create | Villager (Male) |
| 11:05 | Build | Farm |
| 11:13 | Build | Palisade Wall |
| 11:14 | Build | Palisade Wall |
| 11:28 | Build | Palisade Wall |
| 11:30 | Build | Palisade Wall |
| 11:30 | Build | Palisade Wall |
| 11:31 | Build | Palisade Wall |
| 11:31 | Build | Palisade Wall |
| 11:34 | Create | Villager (Male) |
| 11:56 | Create | Villager (Male) |
| 12:03 | Create | Villager (Male) |
| 12:05 | Build | Palisade Wall |
| 12:13 | Build | Farm |
| 12:16 | Build | Farm |
| 12:23 | Create | Villager (Male) |
| 12:34 | Build | House |
| 12:38 | Build | Palisade Wall |
| 12:42 | Build | Palisade Wall |
| 12:51 | Build | Farm |
| 13:07 | Build | Farm |
| 13:18 | Build | Farm |
| 13:25 | Build | Palisade Gate |
| 13:28 | Build | Farm |
| 13:31 | Research | Feudal Age |
| 13:38 | Build | Palisade Wall |
| 13:54 | Build | Lumber Camp |
| 14:55 | Create | Villager (Male) |
| 15:00 | Create | Villager (Male) |
| 15:17 | Build | Palisade Wall |
| 15:19 | Create | Villager (Male) |
| 15:25 | Build | Palisade Wall |
| 15:31 | Create | Villager (Male) |
| 15:41 | Age | Feudal Age |
| 15:44 | Build | Archery Range |
| 15:46 | Research | Double-Bit Axe |
| 15:58 | Build | House |
| 16:10 | Build | Watch Tower |
| 16:20 | Build | Watch Tower |
| 16:22 | Create | Villager (Male) |
| 16:22 | Create | Villager (Male) |
| 16:28 | Create | Villager (Male) |
| 16:47 | Create | Archer |
| 16:48 | Create | Archer |
| 16:48 | Create | Archer |
| 16:49 | Create | Villager (Male) |
| 17:00 | Create | Villager (Male) |
| 17:01 | Research | Horse Collar |
| 17:04 | Build | Palisade Wall |
| 17:07 | Create | Archer |
| 17:08 | Create | Villager (Male) |
| 17:11 | Build | Blacksmith |
| 17:17 | Create | Archer |
| 17:19 | Build | Palisade Wall |
| 17:34 | Create | Villager (Male) |
| 17:39 | Create | Archer |
| 17:47 | Create | Villager (Male) |
| 18:01 | Build | Farm |
| 18:01 | Build | Farm |
| 18:01 | Build | Farm |
| 18:02 | Build | Farm |
| 18:06 | Create | Villager (Male) |
| 18:15 | Create | Archer |
| 18:22 | Build | House |
| 18:23 | Build | House |
| 18:27 | Create | Villager (Male) |
| 18:29 | Create | Archer |
| 18:39 | Build | Blacksmith |
| 18:42 | Build | Palisade Wall |
| 18:51 | Create | Villager (Male) |
| 19:03 | Build | House |
| 19:09 | Create | Archer |
| 19:11 | Research | Fletching |
Match timeline
| 3:36 | Andi · wall_segment Palisade Wall x14 |
| 5:06 | 新竹 · first_building Barracks |
| 5:51 | Andi · first_building Barracks |
| 6:13 | Andi · wall_segment Palisade Wall x1 |
| 6:15 | Andi · wall_segment Palisade Wall x9 |
| 6:30 | Andi · wall_segment Palisade Wall x1 |
| 6:44 | 新竹 · wall_segment Palisade Wall x2 |
| 6:52 | 新竹 · wall_segment Palisade Wall x1 |
| 7:09 | 新竹 · wall_segment Palisade Wall x3 |
| 7:27 | Andi · wall_segment Palisade Wall x1 |
| 7:32 | 新竹 · wall_segment Palisade Wall x3 |
| 7:34 | 新竹 · wall_segment Palisade Wall x2 |
| 8:51 | Andi · wall_segment Palisade Wall x5 |
| 8:56 | Andi · wall_segment Palisade Wall x8 |
| 10:09 | Andi · wall_segment Palisade Wall x1 |
| 10:32 | Andi · wall_segment Palisade Wall x1 |
| 10:33 | Andi · wall_segment Palisade Wall x1 |
| 10:35 | Andi · wall_segment Palisade Wall x1 |
| 10:50 | Andi · wall_segment Palisade Wall x1 |
| 10:51 | Andi · wall_segment Palisade Wall x1 |
| 11:13 | Andi · wall_segment Palisade Wall x8 |
| 11:14 | Andi · wall_segment Palisade Wall x5 |
| 11:28 | Andi · wall_segment Palisade Wall x3 |
| 11:30 | Andi · wall_segment Palisade Wall x1 |
| 11:30 | Andi · wall_segment Palisade Wall x1 |
| 11:31 | Andi · wall_segment Palisade Wall x1 |
| 11:31 | Andi · wall_segment Palisade Wall x1 |
| 12:05 | Andi · wall_segment Palisade Wall x1 |
| 12:38 | Andi · wall_segment Palisade Wall x1 |
| 12:42 | Andi · wall_segment Palisade Wall x1 |
| 13:38 | Andi · wall_segment Palisade Wall x1 |
| 14:20 | 新竹 · age_up feudal |
| 15:17 | Andi · wall_segment Palisade Wall x1 |
| 15:25 | Andi · wall_segment Palisade Wall x1 |
| 15:41 | Andi · age_up feudal |
| 15:44 | Andi · first_building Archery Range |
| 17:04 | Andi · wall_segment Palisade Wall x1 |
| 17:19 | Andi · wall_segment Palisade Wall x1 |
| 18:40 | 新竹 · wall_segment Palisade Wall x1 |
| 18:42 | Andi · wall_segment Palisade Wall x1 |
| 23:03 | Andi · first_market_sell 100 wood |
| 23:04 | Andi · first_market_buy 100 food |
| 25:16 | Andi · wall_segment Palisade Wall x5 |
| 26:46 | Andi · age_up castle |
| 27:01 | 新竹 · age_up castle |
| 27:05 | 新竹 · first_building Castle |
| 27:48 | 新竹 · first_market_buy 100 wood |
| 28:40 | Andi · first_building Castle |
| 35:41 | Andi · first_building Stable |
| 36:16 | Andi · first_building Siege Workshop |
| 36:24 | 新竹 · first_building Siege Workshop |
| 38:59 | Andi · resign |
[ AI ANALYSIS · 1 CREDIT ]
What really happened in this match?
Wolo.gg analyzes every decision: build order, eco, micro, common mistakes by bracket. Personalized analysis on WhatsApp or Discord in 30 seconds.
Civ guide
Goths
Perfil
新竹